[Event "Early-Titled-Tuesday-Blitz-September-05-2023"]
[Site "Chess.com"]
[Date "2023.09.05"]
[Round "4"]
[White "TanitoluwaAps116"]
[Black "Barbus89"]
[Result "1/2-1/2"]
[WhiteElo "2788"]
[BlackElo "2557"]
[TimeControl "180+1"]
[EndTime "8:38:31 PDT"]
[Termination "Game drawn by repetition"]

1. e4 c6 2. d4 d5 3. exd5 cxd5 4.
Bd3 Nc6 5. c3 Nf6 6. Bf4 Bg4 7.
Qb3 e5 8. dxe5 Nh5 9. Be3 Nxe5 10. Bb5+ Nc6 11. Nd2 Be6 12. Qa4 Qc8 13. Ngf3 Nf6 14.
Ne5 Bd7 15. Nxd7 Qxd7 16. O-O Bd6 17. Nf3 O-O 18. Rad1 a6 19. Bd3 Rfe8 20. Qh4 Ne5 21. Nxe5 Rxe5 22. Bg5 Ne4 23. Bf4 Re6 24. Bxd6 Rh6 25.
Qf4 Nxd6 26. Bc2 Qc6 27. Rfe1 Rf6 28. Qg3 g6 29. Rd4 Nb5 30. Rf4 Rxf4 31. Qxf4 Re8 32.
Rxe8+ Qxe8 33. Qd2 Nd6 34. h3 Qe6 35. Bb3 Nc4 36.
Bxc4 dxc4 37. Qd8+ Kg7 38. Qd4+ Kg8 39. Kh2 b5 40.
Qd8+ Kg7 41. Qd4+ Kg8 42. h4 h5 43. Qd8+ Kg7 44. Qd4+ Qf6 45. Qe4 Qd6+ 46. g3 Qd2 47.
Qe5+ Kh7 48. Qf6 Kg8 49. b3 Qxa2 50. Qd8+ Kh7 51. Qf6 Kg8 52. Qd8+ Kg7 53. Qd4+ Kh7 54. Qf6 Kg8 1/2-1/2

[Event "Early-Titled-Tuesday-Blitz-September-05-2023"]
[Site "Chess.com"]
[Date "2023.09.05"]
[Round "4"]
[White "Nbk90"]
[Black "AquivaRubinstein"]
[Result "0-1"]
[WhiteElo "2115"]
[BlackElo "2469"]
[TimeControl "180+1"]
[EndTime "8:38:31 PDT"]
[Termination "AquivaRubinstein won on time"]

1. Nf3 Nf6 2. c4 e6 3. g3 b6 4.
Bg2 Bb7 5. O-O Be7 6. Nc3 O-O 7. Re1 d5 8. cxd5 exd5 9. d4 c5 10. Bf4 Ne4 11. Rc1 Nxc3 12. bxc3 Nd7 13. Ne5 Nxe5 14.
dxe5 Qd7 15. Qd2 Rfd8 16. Rcd1 d4 17. e4 Qa4 18. Qb2 dxc3 19. Rxd8+ Rxd8 20. Qxc3 c4 21. e6 fxe6 22. Bh3 Rd1 23. Bxe6+ Kf8 24. Kg2 Rxe1 25. Qxe1 c3 26. f3 c2 27. Bb3 Qc6 28. Bc1 Bf6 29. Qe3 Ba6 30. Qd2 Qb5 31. Qf2 Bd4 32.
Qe1 Qd3 33. Kh3 Bc3 34. Qe3 Qxe3 35. Bxe3 Bd3 36. Bc1 Ke7 37. Kg2 a5 38. Kf2 b5 39.
Ke3 Bc4 40. Bxc2 Bxa2 41. Bd3 b4 42. Bc2 Bf6 43. Kd3 b3 44. Bd1 b2 45. Bxb2 Bxb2 46. Kc2 Bf6 47. Be2 a4 48. Bb5 Bb3+ 49. Kb1 a3 0-1

[Event "Early-Titled-Tuesday-Blitz-September-05-2023"]
[Site "Chess.com"]
[Date "2023.09.05"]
[Round "4"]
[White "subham777"]
[Black "assezde36"]
[Result "0-1"]
[WhiteElo "2548"]
[BlackElo "2777"]
[TimeControl "180+1"]
[EndTime "8:38:32 PDT"]
[Termination "assezde36 won by resignation"]

1. e4 c5 2. Nf3 e6 3. g3 b6 4.
Bg2 Bb7 5. d3 d6 6. O-O Nd7 7.
Re1 Ngf6 8. Nbd2 Qc7 9. a4 Be7 10. Nf1 O-O 11. h4 Rac8 12. N1h2 c4 13. Bd2 cxd3 14.
cxd3 Qc2 15. Qe2 Nc5 16. Bf1 Nb3 17. Rad1 Nxd2 18. Qxd2 d5 19. e5 Nd7 20. Qf4 Qxb2 21.
Rb1 Qa3 22. a5 Qxa5 23. Ra1 Qb4 24. d4 Rc3 25. Rxa7 Bc6 26. Raa1 h6 27. Ng4 Rxf3 28. Qxf3 Qxd4 29. Rad1 Qb4 30. Rb1 Qa3 31. Rb3 Qa2 32. Reb1 Bc5 33. R3b2 Qa3 34. Bd3 h5 35. Nh2 Nxe5 36.
Qxh5 Nxd3 37. Rb3 Qa2 38. Ng4 Bxf2+ 39. Kf1 Bc5 40. R3b2 Nxb2 41. Qg5 Qa6+ 42. Kg2 f5 43.
Ne5 Qe2+ 44. Kh3 Qxe5 45. h5 Qf6 46. Qf4 e5 47. Qf2 f4 48. g4 Bxf2 0-1

[Event "Early-Titled-Tuesday-Blitz-September-05-2023"]
[Site "Chess.com"]
[Date "2023.09.05"]
[Round "4"]
[White "OlaaLa"]
[Black "benny_aizenberg"]
[Result "0-1"]
[WhiteElo "2431"]
[BlackElo "2662"]
[TimeControl "180+1"]
[EndTime "8:38:33 PDT"]
[Termination "benny_aizenberg won by checkmate"]

1. Nf3 Nf6 2. g3 c5 3. Bg2 Nc6 4. O-O g6 5. c4 Bg7 6. Nc3 O-O 7. e3 e5 8. d4 cxd4 9. exd4 e4 10. Ne5 Re8 11. f4 exf3 12. Nxf3 d5 13. c5 Ne4 14.
Ne2 Bg4 15. h3 Bxf3 16. Rxf3 Ng5 17. Rd3 Qe7 18. Bxg5 Qxg5 19. Nf4 Rad8 20. Qa4 Re4 21. Rad1 h5 22. h4 Qg4 23. Bh3 Rxf4 24. Bxg4 Rxg4 25. Qc2 Nxd4 26. Qf2 Nf5 27. Kh2 d4 28. b4 Be5 29.
Kh3 Bxg3 30. Qxf5 gxf5 31. Rxg3 Kg7 32. Rf3 Kf6 33. b5 Rd5 34. c6 Rxb5 35. c7 Rc5 36. Rdf1 Rxc7 37. Rxf5+ Kg6 38. Rd5 f6 39. Rd1 Rc3+ 40.
Kh2 Rxh4+ 41. Kg2 Rg4+ 42. Kf2 Rc2+ 43. Kf3 Rxa2 44. Rd7 Ra3+ 45. Kf2 Rb3 46. Rd8 a5 47. Rg8+ Kf5 48. Ra8 b6 49. Rh8 h4 50. Rh5+ Ke4 51.
Re1+ Kf4 52. Rh6 Rb2+ 53. Kf1 f5 54. Rd6 Kg3 55. Rd1 Kh2 56. Rh6 Rg1# 0-1

[Event "Early-Titled-Tuesday-Blitz-September-05-2023"]
[Site "Chess.com"]
[Date "2023.09.05"]
[Round "4"]
[White "only_strong_moves"]
[Black "Dmitry_Konenkin"]
[Result "1-0"]
[WhiteElo "2525"]
[BlackElo "2393"]
[TimeControl "180+1"]
[EndTime "8:38:33 PDT"]
[Termination "only_strong_moves won by resignation"]

1. d4 d6 2. e4 Nf6 3. Nc3 e5 4.
Nf3 Nbd7 5. Bc4 Be7 6. O-O O-O 7. Re1 c6 8. a4 b6 9. Bf1 a6 10. Bg5 Bb7 11. g3 Qc7 12. Bg2 b5 13. axb5 axb5 14.
Rxa8 Rxa8 15. dxe5 dxe5 16. Nh4 g6 17. Qe2 Nc5 18.
f4 Ne6 19. Bxf6 Bxf6 20. f5 Nd4 21. Qg4 Nxc2 22. Rf1 Ne3 23. Qf3 Nxf1 24. fxg6 Bxh4 25. gxh7+ Kxh7 26. gxh4 Nd2 27. Qh5+ Kg7 28. Qg5+ Kh7 29.
Qxd2 Ra1+ 30. Kf2 Qb6+ 31. Kg3 Qd4 32. Qg5 Qd6 33. Qh5+ Kg7 34. Kf2 Qd2+ 35. Ne2 Qe1+ 36. Ke3 Bc8 37. Qg5+ Kh7 38. Qh5+ Kg8 39. Qg5+ Kf8 40.
Qd8+ Kg7 41. Qxc8 Qxh4 42. Qf5 Re1 43. Bf3 Qxh2 44. Qg5+ Kf8 45. Qd8+ Kg7 46. Qg5+ Kh7 47. Kd2 Qh6 48. Qxh6+ Kxh6 49. Kxe1 Kg5 50. Kf2 f5 51.
exf5 Kxf5 52. Bxc6 b4 53. Ke3 Ke6 54. Be4 Kd6 55. Kd3 Kc5 56. b3 Kb5 57. Ng3 Kc5 58. Nf5 Kb5 59. Ne7 Kc5 60. Ng6 Kd6 61. Kc4 Ke6 62.
Kxb4 Kf6 63. Kc5 Kg5 64. b4 Kg4 65. b5 1-0

[Event "Early-Titled-Tuesday-Blitz-September-05-2023"]
[Site "Chess.com"]
[Date "2023.09.05"]
[Round "4"]
[White "KatakuriDono"]
[Black "marianokar"]
[Result "1-0"]
[WhiteElo "2332"]
[BlackElo "2476"]
[TimeControl "180+1"]
[EndTime "8:38:33 PDT"]
[Termination "KatakuriDono won on time"]

1. d4 Nf6 2. c4 g6 3. Nc3 Bg7 4. e4 d6 5. Nge2 O-O 6. Ng3 c5 7. d5 e6 8. Be2 exd5 9. exd5 h5 10. Bg5 Qa5 11. O-O Nbd7 12. Nge4 Nxe4 13. Nxe4 Qb6 14.
Rb1 Re8 15. Qc2 f5 16. Nc3 Ne5 17. Rfe1 Bd7 18. f4 Ng4 19. Bxg4 hxg4 20. a4 Qb4 21. Be7 Qxc4 22. Bxd6 Bd4+ 23. Kh1 Kf7 24. Be5 b6 25. Qd2 Bxa4 26. Nxa4 Qxa4 27. b4 Rad8 28. Bxd4 cxd4 29. Qxd4 Qd7 30. Ra1 Rxe1+ 31. Rxe1 Qxd5 32. Qe3 Qd7 33. h3 gxh3 34. Qxh3 Kg8 35. Qg3 Kg7 36. Qc3+ Kg8 37. Qc4+ Qf7 38. Qc6 Qh7+ 39. Kg1 Qf7 40. b5 Kg7 41.
Qc3+ Kg8 42. Qa3 Re8 43. Rc1 Qe6 44. Ra1 Qe3+ 45. Qxe3 Rxe3 46. Rxa7 Rb3 47. Kf2 Rxb5 48. Kg3 Rb4 49. Ra8+ Kf7 50. Ra7+ Ke6 51. Rg7 Kf6 52. Rb7 Rb3+ 53. Kf2 Rb4 54. g3 Rb3 55. Kg2 b5 56. Kf2 b4 57. Kg2 Rb2+ 58. Kg1 b3 59. Rb6+ Ke7 60.
Kh1 1-0

[Event "Early-Titled-Tuesday-Blitz-September-05-2023"]
[Site "Chess.com"]
[Date "2023.09.05"]
[Round "4"]
[White "hurricane7791"]
[Black "jlf287"]
[Result "1/2-1/2"]
[WhiteElo "2686"]
[BlackElo "2487"]
[TimeControl "180+1"]
[EndTime "8:38:34 PDT"]
[Termination "Game drawn by repetition"]

1. d4 Nf6 2. c4 e6 3. Nf3 d5 4. Nc3 c6 5. cxd5 exd5 6. Qc2 Be7 7. Bg5 g6 8. e3 Bf5 9. Bd3 Bxd3 10. Qxd3 Nbd7 11. Bh6 Bf8 12. Bf4 Bg7 13. h3 O-O 14. O-O Re8 15. b4 Rc8 16. Rfc1 a6 17. a4 Ne4 18.
Rab1 Ndf6 19. b5 Nxc3 20. Rxc3 Ne4 21. Rcc1 axb5 22. axb5 c5 23. dxc5 Nxc5 24. Qa3 Ne6 25. Bg3 Qb6 26. Rxc8 Rxc8 27. Qd3 d4 28. exd4 Nxd4 29.
Nxd4 Qxd4 30. Qf3 Qd7 31. Kh2 h5 32. h4 Rc5 33. b6 Rc6 34. Rd1 Qe6 35. Rd8+ Kh7 36.
Bc7 Be5+ 37. Bxe5 Qxe5+ 38. g3 Qf6 39. Qxf6 Rxf6 40. Rd7 Rxf2+ 41. Kg1 Rf5 42. Rxb7 Kg7 43. Kg2 Rb5 44. Rb8 Rb3 45. Kf2 Kf6 46. Kg2 Kf5 47.
Rf8 f6 48. Rb8 Kg4 49. b7 Rb2+ 50.
Kf1 g5 51. Rf8 Rxb7 52. Rxf6 gxh4 53. gxh4 Kxh4 54. Kg2 Rb2+ 55. Kh1 Rb1+ 56. Kg2 Rb2+ 57. Kf3 Rb3+ 58. Ke2 Rb4 59. Re6 Rf4 60. Ke3 Rf8 61. Rg6 Kh3 62. Ke2 h4 63. Rg7 Rf4 64. Ke3 Rf8 65.
Ke2 Kh2 66. Rg4 h3 67. Rg7 Kh1 68. Rg3 h2 69. Rg7 Rf6 70. Rg8 Ra6 71. Kf2 Ra2+ 72. Kf1 Ra1+ 73. Kf2 Rg1 74. Ra8 Rg2+ 75. Kf3 Rg1 76. Kf2 Rg2+ 77. Kf3 Rg1 78. Kf2 1/2-1/2

[Event "Early-Titled-Tuesday-Blitz-September-05-2023"]
[Site "Chess.com"]
[Date "2023.09.05"]
[Round "4"]
[White "Khromkin"]
[Black "NovoselovRoman"]
[Result "1/2-1/2"]
[WhiteElo "2417"]
[BlackElo "2574"]
[TimeControl "180+1"]
[EndTime "8:38:34 PDT"]
[Termination "Game drawn by repetition"]

1. d4 d5 2. c4 e6 3. Nc3 Nf6 4. Bg5 Be7 5. e3 Nbd7 6. Nf3 O-O 7.
Qc2 dxc4 8. Bxc4 a6 9. O-O c5 10. Bd3 h6 11. Bxf6 Bxf6 12. Ne4 cxd4 13. Nxf6+ Nxf6 14. Nxd4 Bd7 15. Rfd1 Qb6 16. Qb3 Qa7 17. Be2 e5 18. Nf3 Rae8 19. Rac1 Bc6 20. Nh4 Rd8 21. Ng6 Rfe8 22. Ne7+ Kf8 23. Nxc6 bxc6 24. Qa3+ Kg8 25.
Qxa6 Qb8 26. b3 Qb4 27. Qxc6 Qa3 28. Qc2 Ra8 29. Bc4 Qxa2 30. Qxa2 Rxa2 31. Ra1 Rb2 32. Ra7 Rf8 33. f3 e4 34. Rxf7 Rxf7 35. Rd8+ Kh7 36.
Bxf7 Re2 37. Bd5 exf3 38. Bxf3 Rxe3 39. b4 Rb3 40. Rb8 g5 41. h3 h5 42. Rb7+ Kg6 43.
Rb6 g4 44. hxg4 hxg4 45. Bxg4 Kg5 46. Bf3 Nd7 47. Rb5+ Kf4 48. Rd5 Ne5 49. Rd4+ Kg3 50. Rd1 Rxb4 51. Re1 Nd3 52. Rf1 Nf4 53. Rd1 Rb2 54.
Rc1 Nxg2 55. Bxg2 Rxg2+ 56. Kh1 Rh2+ 57. Kg1 Rg2+ 58. Kh1 Rh2+ 59. Kg1 Rg2+ 1/2-1/2

[Event "Early-Titled-Tuesday-Blitz-September-05-2023"]
[Site "Chess.com"]
[Date "2023.09.05"]
[Round "4"]
[White "GOGIEFF"]
[Black "blitzo_vich"]
[Result "1-0"]
[WhiteElo "2999"]
[BlackElo "2612"]
[TimeControl "180+1"]
[EndTime "8:38:35 PDT"]
[Termination "GOGIEFF won on time"]

1. d4 d5 2. c4 c6 3. cxd5 cxd5 4. Nc3 Nf6 5. Bg5 Nc6 6. Bxf6 gxf6 7. e3 e6 8. Bd3 Bd6 9. Nf3 f5 10. O-O O-O 11. Rc1 a6 12. Na4 Qf6 13. g3 Kh8 14.
Nc5 Rg8 15. Kh1 Ne7 16. Qb3 Ng6 17. Na4 b5 18. Nb6 Rb8 19. Rc6 Qe7 20. Nxc8 Rgxc8 21. Rxa6 b4 22. Qa4 Qd8 23. h4 Rc7 24. Ra7 Rxa7 25. Qxa7 Kg7 26. Ng5 Qe7 27. Qxe7 Nxe7 28. Rc1 Ra8 29.
Bb1 h6 30. Nf3 Kf6 31. Kg2 Ra7 32. Ne1 Rc7 33. Rxc7 Bxc7 34. Nd3 Bd6 35. Bc2 Nc6 36.
Ba4 Na5 37. b3 Ke7 38. f3 Nb7 39. Bc6 Nd8 40. Bb5 f6 41. Nf4 Bxf4 42. exf4 Nf7 43. g4 Nd6 44. Bd3 fxg4 45. fxg4 f5 46. g5 Kf7 47. h5 Kg7 48. g6 Ne4 49. Bb5 Nf6 50. Be2 Ne4 51. Kf1 1-0

[Event "Early-Titled-Tuesday-Blitz-September-05-2023"]
[Site "Chess.com"]
[Date "2023.09.05"]
[Round "4"]
[White "FairChess_on_YouTube"]
[Black "bascheyaro"]
[Result "1-0"]
[WhiteElo "3055"]
[BlackElo "2810"]
[TimeControl "180+1"]
[EndTime "8:38:38 PDT"]
[Termination "FairChess_on_YouTube won by resignation"]

1. d4 d5 2. Nf3 Nf6 3. c4 c6 4. e3 a6 5. Bd3 g6 6. O-O Bf5 7. Bxf5 gxf5 8. Qb3 Qc7 9. Bd2 e6 10.
Ba5 dxc4 11. Bxc7 cxb3 12. axb3 Nd5 13. Be5 f6 14. Bg3 Bb4 15. Nbd2 Nd7 16. Nc4 Ke7 17.
Ne1 h5 18. h3 b5 19. Nd3 bxc4 20. bxc4 Bd6 21. Bxd6+ Kxd6 22. cxd5 cxd5 23. Ra5 Rhb8 24. Rfa1 Rb6 25. b4 Nb8 26. b5 Ra7 27. Nc5 e5 28. f4 h4 29. Kf2 e4 30. R1a2 Rg7 31.
Nxa6 Nxa6 32. Rxa6 Kc7 33. Ra7+ Rb7 34. R2a6 Rf7 35.
Rc6+ Kb8 36. Rxb7+ Kxb7 37. g3 hxg3+ 38. Kxg3 Rg7+ 39.
Kf2 Rg6 40. h4 Rh6 41. h5 Rxh5 42. Rxf6 Rh2+ 43. Ke1 Rh3 44. Kd2 Rh2+ 45. Kc3 Re2 46. Rxf5 Rxe3+ 47. Kb4 Rf3 48. Kc5 e3 49. Rf7+ Kc8 50.
Kxd5 e2 51. Re7 Rxf4 52. Rxe2 Kd7 53. Kc5 Rf5+ 54. Re5 Rf1 55. Rh5 Rc1+ 56. Kb6 Rh1 57. Rxh1 1-0

[Event "Early-Titled-Tuesday-Blitz-September-05-2023"]
[Site "Chess.com"]
[Date "2023.09.05"]
[Round "4"]
[White "wqws"]
[Black "venturov"]
[Result "0-1"]
[WhiteElo "2643"]
[BlackElo "2421"]
[TimeControl "180+1"]
[EndTime "8:38:38 PDT"]
[Termination "venturov won by resignation"]

1. e4 Nf6 2. e5 Nd5 3. Nf3 d6 4. d4 dxe5 5. Nxe5 c6 6. c4 Nb4 7.
Be3 Bf5 8. Nd3 e6 9. Nc3 a5 10. a3 Nxd3+ 11. Bxd3 Bxd3 12. Qxd3 Nd7 13. O-O Be7 14.
Rad1 O-O 15. Rfe1 Bg5 16. f4 Bf6 17. Bf2 Bh4 18. g3 Be7 19. h4 a4 20. Ne4 Qa5 21.
Ng5 g6 22. c5 Nf6 23. Kg2 Qb5 24. Qxb5 cxb5 25. d5 h6 26. Nf3 Rfd8 27. d6 Bf8 28. Nd4 b6 29. c6 Rxd6 30. Rc1 Nd5 31. Nxb5 Rdd8 32. Red1 Rdc8 33. h5 Ra5 34. Nd4 gxh5 35. Nf3 Bc5 36. Ne5 Bxf2 37. Kxf2 Rc5 38. Rxc5 bxc5 39.
Rc1 f6 40. Nd3 Rxc6 41. Rxc5 Rxc5 42. Nxc5 Nb6 43. Ke2 Nc4 44. Nxa4 Kg7 45. Kd3 Nd6 46. Nc3 Kg6 47. a4 Kf5 48. a5 Kg4 49. a6 Nc8 50. b4 Kxg3 51. Ke3 h4 52. Ne4+ Kg2 53. Nf2 h3 54. b5 h2 55. Ke2 Nb6 56. Ke3 h5 57.
Ke2 h4 58. Ke3 h3 59. Ke2 h1=Q 60. Nxh1 Kxh1 61. Kf1 Kh2 62. Kf2 e5 63. f5 e4 64.
Kf1 Kg3 65. Kg1 0-1

[Event "Early-Titled-Tuesday-Blitz-September-05-2023"]
[Site "Chess.com"]
[Date "2023.09.05"]
[Round "4"]
[White "Duhless"]
[Black "Lennis93"]
[Result "0-1"]
[WhiteElo "3001"]
[BlackElo "2822"]
[TimeControl "180+1"]
[EndTime "8:38:41 PDT"]
[Termination "Lennis93 won by resignation"]

1. d4 Nf6 2. Nf3 d5 3. Bg5 Ne4 4. Bh4 Bf5 5. e3 h6 6. c4 c6 7.
Nc3 g5 8. Bg3 e6 9. Be5 f6 10.
Bxb8 Rxb8 11. Bd3 Bb4 12. O-O Bxc3 13. bxc3 Nxc3 14. Qc2 Bxd3 15. Qxd3 Ne4 16. Rfb1 Kf7 17. a4 Qa5 18. Ra3 Qa6 19. Rc1 Kg7 20. Qb1 Rhc8 21.
h3 b5 22. c5 bxa4 23. Qc2 Rb4 24. Rca1 Rc4 25. Qb2 Rc7 26. Qb8 Qc8 27. Qxc8 Rxc8 28.
Rxa4 Rxa4 29. Rxa4 Rc7 30. Ne1 e5 31. Nd3 exd4 32.
exd4 Nc3 33. Rb4 a5 34. Rb6 Ra7 35. Rxc6 a4 36. Rb6 a3 37. Nb4 a2 38. Nxa2 Rxa2 39. c6 Rc2 40. Rb7+ Kg6 41. Rd7 Ne2+ 42. Kf1 Nxd4 43. g4 Nxc6 44. Rxd5 Ne5 45. Kg2 Rc3 46. Ra5 Nd3 47. h4 Nf4+ 48. Kg1 gxh4 49. Rf5 Rf3 50. Rb5 Ne2+ 51. Kg2 Rc3 52. Ra5 Nf4+ 53. Kg1 Ne6 54.
Ra6 Ng5 55. f4 Rg3+ 56. Kf2 Rxg4 57. Ke3 Rg3+ 58. Kd4 h3 59. f5+ Kxf5 0-1

[Event "Early-Titled-Tuesday-Blitz-September-05-2023"]
[Site "Chess.com"]
[Date "2023.09.05"]
[Round "4"]
[White "LUISMIGUELOV"]
[Black "GaalZsoka"]
[Result "0-1"]
[WhiteElo "2075"]
[BlackElo "2466"]
[TimeControl "180+1"]
[EndTime "8:38:44 PDT"]
[Termination "GaalZsoka won on time"]

1. e4 e5 2. Nf3 d6 3. d4 exd4 4.
Nxd4 Nf6 5. Nc3 g6 6. Bc4 Bg7 7. Bg5 O-O 8. O-O Nc6 9. Nxc6 bxc6 10. Qd2 Rb8 11. Bb3 Qe8 12. Rfe1 Qe5 13. Bf4 Qa5 14. e5 Nh5 15. exd6 Nxf4 16. Qxf4 cxd6 17. Qxd6 Bf5 18. Qxc6 Rbc8 19. Qa4 Bxc3 20. bxc3 Qxa4 21.
Bxa4 Rxc3 22. Re2 Rfc8 23. Rc1 Be6 24. Bb3 Bxb3 25. axb3 Rxb3 26. Ra1 Rb2 27. h4 Rc7 28. Ra6 h5 29. g3 Kg7 30. Kg2 Rb6 31. Rxb6 axb6 32.
Rd2 Rc6 33. Kf3 Kf6 34. Kf4 Rc4+ 35. Ke3 Ke5 36. Rd7 f6 37. Rb7 Rc6 38. Kd3 Kf5 39. f3 Ke5 40. Rg7 Kf5 41. c4 Rd6+ 42. Ke3 g5 43.
hxg5 fxg5 44. Rh7 Kg6 45. Rh8 Rf6 46. Rg8+ Kf5 47. Rh8 Kg6 48. Rg8+ Kf5 49. g4+ hxg4 50. Rc8 gxf3 51. Kxf3 Ke5+ 52. Kg4 Rf4+ 53. Kxg5 Rd4 54.
c5 Rc4 55. c6 Kd6 0-1

[Event "Early-Titled-Tuesday-Blitz-September-05-2023"]
[Site "Chess.com"]
[Date "2023.09.05"]
[Round "4"]
[White "Rosh1610"]
[Black "Vsevolod_Ovchinnikov"]
[Result "1-0"]
[WhiteElo "2457"]
[BlackElo "2602"]
[TimeControl "180+1"]
[EndTime "8:38:46 PDT"]
[Termination "Rosh1610 won by resignation"]

1. e4 g6 2. d4 Bg7 3. Nc3 a6 4.
a4 d6 5. f4 Nd7 6. Nf3 c5 7. Be3 b6 8. Bc4 Nh6 9. f5 gxf5 10.
Bxh6 Bxh6 11. e5 dxe5 12. dxe5 e6 13. O-O Bb7 14. Qd6 Bf8 15. Qd2 Bxf3 16. gxf3 Nxe5 17. Qxd8+ Kxd8 18. Be2 Rg8+ 19. Kh1 Kc7 20. f4 Ng6 21. Rad1 Bh6 22. Bf3 Rad8 23. Bh5 Rxd1 24. Nxd1 Nxf4 25. Bf3 Rd8 26. Ne3 Rd2 27. Rd1 Rf2 28. Ba8 Ne2 29.
Ng2 Nd4 30. c3 Nb3 31. h4 Rxb2 32. Bf3 Rf2 33. Bh5 Nd2 34. Bxf7 e5 35. Kg1 Re2 36. Bh5 Re4 37. Ra1 Rc4 38. a5 bxa5 39. Rxa5 Kb6 40. Ra3 Ne4 41. Be2 Rxc3 42. Rxa6+ Kb7 43. Rxh6 Rg3 44.
Rxh7+ Kc6 45. Kh2 Rg8 46. Bf3 c4 47. Ne3 c3 48. Nxf5 Kd5 49. Ne7+ Kd4 50. Bxe4 Kxe4 51. Nxg8 c2 52. Rc7 Kd3 53. h5 e4 54. Nf6 e3 55. Nd5 e2 56. Nf4+ Kd2 57. Nxe2 Kxe2 58. Rxc2+ Kd1 59. h6 1-0

[Event "Early-Titled-Tuesday-Blitz-September-05-2023"]
[Site "Chess.com"]
[Date "2023.09.05"]
[Round "4"]
[White "Samatsa"]
[Black "CarrotsandPizza"]
[Result "1-0"]
[WhiteElo "2476"]
[BlackElo "2238"]
[TimeControl "180+1"]
[EndTime "8:38:46 PDT"]
[Termination "Samatsa won on time"]

1. d4 Nf6 2. c4 g6 3. Nc3 Bg7 4.
e4 d6 5. Bd3 O-O 6. Nge2 Nbd7 7. O-O a6 8. f3 c5 9. Be3 Rb8 10. a4 Qc7 11. b3 e6 12. Qd2 Re8 13. Kh1 b6 14. Bc2 Bb7 15. Rad1 Rbd8 16. Bf2 cxd4 17. Nxd4 d5 18. Bg3 Qc5 19. Bf2 Qc7 20. Bg3 Qc5 21. Bf2 Qc8 22. Qe2 dxc4 23. bxc4 Ne5 24.
Bb3 Qc7 25. Rc1 Rc8 26. Na2 Red8 27. Rfd1 Bh6 28. Rc2 Qe7 29. g3 Qa3 30. Rb1 Nfd7 31.
Be1 Qe7 32. Nc3 Nc5 33. Bf2 Nxb3 34. Rxb3 Nxc4 35. Nd1 Bg7 36. Rxc4 Rxc4 37. Qxc4 Rc8 38. Qe2 Rd8 39. Rd3 Qd7 40. Nb2 Qc8 41. Rd1 h5 42.
Nc4 Qc7 43. Kg2 Rc8 44. Ne3 h4 45. f4 Qc3 46. Kh3 Bxd4 47. Rd3 Qc5 48. Rxd4 Qxd4 49. Nf5 Qc5 50. Bxc5 Rxc5 51. Nxh4 b5 52. axb5 Rxb5 53. Nf3 Kg7 54. Ng5 Rb6 55. Qe3 Rc6 56. Qd4+ f6 57. Qd7+ 1-0

[Event "Early-Titled-Tuesday-Blitz-September-05-2023"]
[Site "Chess.com"]
[Date "2023.09.05"]
[Round "4"]
[White "Herman-NY"]
[Black "Kurai"]
[Result "1/2-1/2"]
[WhiteElo "2490"]
[BlackElo "2692"]
[TimeControl "180+1"]
[EndTime "8:38:48 PDT"]
[Termination "Game drawn by repetition"]

1. e4 e5 2. Nf3 Nc6 3. Bb5 Nf6 4.
d3 Bc5 5. c3 d5 6. Nbd2 O-O 7.
O-O dxe4 8. dxe4 a5 9. Qc2 Qe7 10. a4 Nb8 11. Be2 c6 12. Nc4 Nbd7 13. Bd2 h6 14. Rab1 Re8 15. b4 axb4 16. cxb4 Bd4 17.
Nxd4 exd4 18. Bd3 Ne5 19. Nxe5 Qxe5 20. f4 Qe7 21. Rbe1 Bd7 22. a5 Ng4 23. Qb2 Qh4 24. h3 Qg3 25. hxg4 Qxd3 26. f5 Rxe4 27. Rxe4 Qxe4 28. Rf4 Qe2 29. Rxd4 Be8 30. f6 g5 31. Qc3 Rc8 32. Qc5 Qd1+ 33. Kh2 Qb3 34. Qe7 Qe6 35. Rd8 Rxd8 36. Qxd8 Kh7 37. Qe7 Kg6 38.
Bc3 Qxe7 39. fxe7 f6 40. Bd4 Kf7 41. Bc5 Ke6 42. Kg3 Bg6 43. Kf3 Kd7 44. g3 Bf7 45.
Ke3 Be6 46. Kf3 Bf7 47. Ke3 Bg6 48. Kf3 Be8 49. Ke3 Bf7 50. Kf3 Be6 51. Ke3 Bxg4 52.
Ke4 Be6 53. Kf3 f5 54. Kg2 Ke8 55. Kf2 Kf7 56. Kg2 Bd7 57. Kf2 Be8 58. Kg2 Ke6 59.
Kf2 h5 60. Kg2 Ke5 61. Bb6 Ke4 62. Bc7 f4 63. gxf4 gxf4 64. Kf2 Kf5 65. Kf3 Ke6 66.
Bxf4 Kxe7 67. Be3 Ke6 68. Kg3 Kd5 69. Bc5 Kc4 70. Kh4 Kd5 71. Kg5 Ke4 72. Kh4 Kf5 73. Be7 Kg6 74. Bd8 Bd7 75. Be7 Bg4 76. Bf8 Kf5 77. Be7 Ke6 78. Bf8 Kd5 79. Bc5 Kc4 80. Bf8 Kb5 81. Bc5 Ka6 82. Bf8 Kb5 83. Bc5 Kc4 84.
Bf8 Kb5 1/2-1/2

[Event "Early-Titled-Tuesday-Blitz-September-05-2023"]
[Site "Chess.com"]
[Date "2023.09.05"]
[Round "4"]
[White "vladislavkovalev"]
[Black "GasconJR"]
[Result "1-0"]
[WhiteElo "2919"]
[BlackElo "2705"]
[TimeControl "180+1"]
[EndTime "8:38:50 PDT"]
[Termination "vladislavkovalev won on time"]

1. e4 e5 2. Nf3 Nc6 3. Bb5 a6 4.
Ba4 Nf6 5. O-O Be7 6. d3 d6 7. c3 b5 8. Bb3 O-O 9. a4 Na5 10. Ba2 Bd7 11. h3 bxa4 12. Nbd2 Qb8 13. Bb1 c5 14. Bc2 Bb5 15. Re1 Kh8 16. Re3 Nc6 17. Bxa4 d5 18. exd5 Nxd5 19. Re1 Nf4 20. Nc4 Bf6 21. Bxb5 axb5 22. Rxa8 Qxa8 23. Ncxe5 Nxe5 24. Bxf4 Nxf3+ 25. Qxf3 Qxf3 26. gxf3 Rd8 27. Bc7 Rc8 28.
Be5 Re8 29. f4 h5 30. Kf1 Ra8 31. Bd6 b4 32. cxb4 cxb4 33. Bxb4 Bxb2 34. Re4 Ra2 35. Bd2 Bf6 36. Be1 g6 37. f5 gxf5 38. Rf4 Ra1 39. Ke2 Ra2+ 40. Kf3 Kg7 41. Rxf5 Kg6 42. Rb5 Ra3 43. Ke2 Ra2+ 44. Kf1 Ra1 45. Rb6 Kf5 46. Ke2 Ra2+ 47. Kf3 Ra1 48. Rb5+ Ke6 49. Bd2 Rh1 50.
Kg2 Rd1 51. Rb6+ Kf5 52. Rb5+ Kg6 53. Be3 Rxd3 54. Rb6 Kf5 55. Kf3 Rd5 56. Rb3 Ra5 57. Rb7 Kg6 58. Rb6 Rf5+ 59. Ke4 Ra5 60. Bd4 Rf5 61.
f4 h4 62. Rc6 1-0

[Event "Early-Titled-Tuesday-Blitz-September-05-2023"]
[Site "Chess.com"]
[Date "2023.09.05"]
[Round "4"]
[White "ChampStan"]
[Black "Iunusovnuriddin"]
[Result "0-1"]
[WhiteElo "2115"]
[BlackElo "2322"]
[TimeControl "180+1"]
[EndTime "8:38:51 PDT"]
[Termination "Iunusovnuriddin won by checkmate"]

1. e4 e5 2. Nf3 Nc6 3. Bc4 Nf6 4.
Ng5 d5 5. exd5 Na5 6. Bb5+ c6 7. dxc6 bxc6 8. Bd3 Nd5 9. Ne4 Nf4 10. Qf3 f5 11. Ng3 Bc5 12. Bxf5 Bxf5 13. Nxf5 O-O 14. Qe4 Nxg2+ 15. Qxg2 Rxf5 16. f3 Qh4+ 17. Ke2 Raf8 18. Rf1 Qc4+ 19. Kd1 Rg5 20. Qh1 e4 21. f4 Rh5 22. b3 Qd4 23. Nc3 e3 24. Qf3 Rxh2 25. Qxe3 Qxe3 26. dxe3 Rd8+ 27. Ke1 Bb4 28. Bb2 Rxc2 29.
Rd1 Rxd1+ 30. Kxd1 Rxb2 31. Ne2 Rxa2 32. Nc1 Rd2+ 33.
Ke1 Rb2+ 34. Kd1 Nxb3 35. Nxb3 Rxb3 36. Kc2 Rc3+ 37. Kb2 Rxe3 38. Ra1 a5 39. Kc2 Re2+ 40. Kd3 Rd2+ 41. Ke4 c5 42. Rf1 c4 43. Rc1 c3 44.
Ke3 c2 45. Kf3 a4 46. Ke3 Rh2 47. Ra1 Ba3 48. Kd3 c1=Q 49. Rxc1 Bxc1 50. Ke4 Kf7 51. Kf5 a3 52. Kg5 a2 53. Kf5 a1=Q 54. Kg5 Qf6+ 55.
Kg4 Rh4+ 56. Kf3 Qxf4+ 57. Ke2 Qe3+ 58. Kf1 Rh1+ 59. Kg2 Qh3+ 60. Kf2 Rf1+ 61. Ke2 Qf3# 0-1

[Event "Early-Titled-Tuesday-Blitz-September-05-2023"]
[Site "Chess.com"]
[Date "2023.09.05"]
[Round "4"]
[White "shimastream"]
[Black "JeRoma71"]
[Result "0-1"]
[WhiteElo "2953"]
[BlackElo "2828"]
[TimeControl "180+1"]
[EndTime "8:38:55 PDT"]
[Termination "JeRoma71 won on time"]

1. d4 g6 2. Nf3 Bg7 3. e4 c6 4. h3 d5 5. exd5 cxd5 6. c3 Nc6 7. Bf4 Nf6 8. Nbd2 O-O 9. Be2 Nh5 10. Bh2 Bh6 11.
O-O Nf4 12. Bb5 Bd7 13. Re1 a6 14. Bf1 Rc8 15. Nb3 Ne6 16. a4 Na5 17. Ne5 Nc4 18.
Nxc4 dxc4 19. Nd2 b5 20. axb5 axb5 21. Nf3 Bc6 22. Ne5 Bd5 23. Ng4 Bg7 24. Ne3 Nc7 25. Ra7 e6 26. Be2 Bc6 27. Bf3 Nd5 28. Bxd5 Bxd5 29.
Be5 Ra8 30. Qa1 Rxa7 31. Qxa7 Qa8 32. Ra1 Qc6 33. Bxg7 Kxg7 34. Qe7 Qe8 35. Qg5 Qd8 36. Qg3 h5 37. Ra7 Qf6 38. h4 b4 39. Ra6 Rd8 40. Rb6 b3 41. Ra6 Qe7 42. Qe5+ Qf6 43.
Qxf6+ Kxf6 44. f4 Ke7 45. Kf2 Rc8 46. Ra7+ Kf6 47. Rd7 Ra8 48. Rd6 Ke7 49. Rb6 Ra2 50. f5 gxf5 51. Kg3 Rxb2 52. Kf4 Rf2+ 53. Kg3 Re2 54.
Kf4 b2 55. Rb4 Be4 56. d5 Rxe3 0-1